Map: Radhuset Station LE

Players

Wayne (Vanya)

  • Race: Zerg Zerg
  • Spawn Location: 7:00

Dark - Winner!

  • Race: Protoss Protoss
  • Spawn Location: 1:00

VOD

Have the link to the VOD?

Description

Time

  • Played on: Oct. 9, 2023, 8:13 p.m.
  • Length: 26:27
Show
View Real Time Build Order
Export as new Build Order

Wayne Zerg 

Build Orders: Hatch First 

Get SALT Encoding   

  12  0:00  Drone  
  13  0:12  Overlord  
  13  0:17  Drone  
  14  0:30  Drone x2  
  16  0:49  Hatchery  
  15  0:52  Drone  
  15  0:55  Drone  
  17  0:59  Drone  
  18  1:09  Extractor  
  17  1:15  Spawning Pool  
  16  1:20  Drone  
  16  1:25  Drone  
  18  1:29  Drone  
  19  1:39  Drone  
  20  1:52  Drone  
  21  2:02  Queen x2  
  21  2:03  Zergling x2  
  21  2:04  Overlord  
  26  2:12  Drone x2  
  28  2:16  Metabolic Boost  
  28  2:24  Drone x2  
  30  2:38  Hatchery  
  30  2:41  Drone  
  30  2:43  Drone  
  31  2:49  Queen  
  33  2:54  Overlord  
  33  2:57  Drone  
  35  2:58  Drone  
  35  3:01  Drone  
  36  3:12  Queen, Overlord  
  38  3:16  Drone  
  38  3:17  Drone x2  
  38  3:19  Drone  
  42  3:25  Queen  
  44  3:28  Overlord  
  44  3:34  Spore Crawler  
  44  3:35  Drone  
  44  3:36  Drone x2  
  46  3:42  Drone x3  
  49  3:50  Queen  
  49  3:55  Overlord  
  51  3:59  Drone x3, Overlord  
  54  4:04  Drone x2  
  54  4:05  Drone  
  57  4:13  Overlord  
  57  4:15  Drone x4  
  61  4:20  Drone, Spore Crawler  
  61  4:24  Drone x4  
  65  4:26  Zergling x2  
  66  4:34  Drone x4  
  66  4:37  Lair  
  70  4:42  Extractor, Roach Warren  
  70  4:43  Drone  
  70  4:44  Extractor  
  70  4:45  Drone x2  
  70  4:50  Overlord  
  70  4:53  Drone x4  
  70  4:55  Extractor  
  70  4:57  Overlord  
  70  4:59  Drone x3  
  76  5:06  Overlord  
  77  5:07  Drone  
  77  5:10  Drone x3  
  77  5:11  Extractor x2  
  77  5:13  Overlord  
  78  5:17  Overlord  
  78  5:18  Drone x2  
  78  5:19  Drone  
  81  5:27  Drone  
  81  5:30  Drone  
  81  5:35  Glial Reconstitution, Spire  
  81  5:36  Overseer, Hatchery  
  81  5:41  Roach x4  
  88  5:46  Overlord  
  88  5:48  Spore Crawler  
  87  5:52  Overlord  
  87  5:54  Roach x4  
  95  6:04  Drone x3  
  97  6:05  Drone x4  
  102  6:13  Drone, Evolution Chamber  
  102  6:18  Roach x5  
  112  6:25  Overlord  
  112  6:27  Extractor  
  112  6:28  Drone  
  112  6:31  Spore Crawler  
  112  6:32  Drone x5, Spore Crawler  
  115  6:34  Spore Crawler  
  114  6:40  Spore Crawler  
  114  6:42  Zerg Melee Weapons Level 1  
  113  6:48  Corruptor  
  113  6:49  Corruptor x3  
  113  6:53  Corruptor x2  
  121  6:59  Corruptor x2  
  125  7:06  Drone  
  125  7:07  Drone x5  
  130  7:11  Zerg Flyer Armor Level 1  
  130  7:15  Overlord x2  
  130  7:20  Drone x2  
  130  7:21  Corruptor x2  
  134  7:26  Drone x2  
  134  7:27  Drone, Extractor  
  134  7:28  Extractor  
  135  7:30  Overlord  
  135  7:31  Overlord  
  135  7:32  Corruptor  
  137  7:37  Corruptor  
  137  7:42  Zergling x2  
  140  7:44  Corruptor x2  
  140  7:45  Corruptor  
  140  7:48  Drone  
  140  7:49  Drone x2  
  148  7:55  Corruptor x2  
  152  8:02  Corruptor x2  
  152  8:03  Drone  
  157  8:06  Overlord  
  157  8:09  Roach x4  
  157  8:12  Overlord  
  163  8:13  Overlord  
  163  8:14  Corruptor  
  165  8:26  Infestation Pit  
  164  8:27  Baneling Nest  
  163  8:35  Overlord  
  163  8:36  Zergling x20  
  163  8:39  Zerg Melee Weapons Level 2  
  173  8:45  Zergling x14  
  180  8:51  Corruptor x2  
  180  8:52  Hatchery  
  181  8:57  Corruptor  
  181  8:58  Corruptor  
  181  9:01  Corruptor  
  187  9:05  Hive  
  187  9:08  Zerg Flyer Weapons Level 1  
  187  9:13  Drone x2  
  187  9:14  Corruptor x2  
  193  9:17  Drone  
  193  9:21  Overlord  
  174  9:35  Corruptor x5  
  181  9:38  Corruptor  
  181  9:40  Zergling x10  
  185  9:47  Drone x3  
  185  9:51  Corruptor x2  
  190  10:08  Baneling x15, Corruptor  
  190  10:10  Zergling x14  
  190  10:11  Extractor  
  190  10:12  Extractor  
  197  10:21  Overseer  
  197  10:24  Viper  
  197  10:25  Corruptor  
  197  10:27  Zergling x6  
  199  10:33  Drone x3  
  197  10:42  Viper  
  188  10:47  Drone x2  
  188  10:48  Spore Crawler  
  189  10:51  Spore Crawler  
  189  10:52  Viper  
  189  10:54  Zergling x16  
  199  10:58  Zerg Melee Weapons Level 3  
  199  11:02  Spine Crawler  
  199  11:03  Spine Crawler x2  
  195  11:05  Zerg Flyer Armor Level 2  
  195  11:15  Infestor x2  
  195  11:16  Hatchery  
  198  11:19  Spore Crawler  
  198  11:20  Adrenal Glands, Spore Crawler  
  196  11:26  Spore Crawler  
  196  11:27  Spore Crawler x2  
  196  11:28  Drone x7  
  200  11:35  Drone x5  
  200  11:36  Drone  
  195  11:40  Drone x4  
  195  11:41  Drone  
  195  11:42  Drone x2  
  198  11:48  Drone x2, Spore Crawler  
  199  11:55  Spire  
  198  12:04  Ultralisk Cavern, Evolution Chamber  
  196  12:08  Spore Crawler  
  196  12:09  Spore Crawler x2  
  196  12:10  Zergling x10, Spore Crawler  
  196  12:11  Zergling x2  
  157  12:34  Corruptor x6  
  141  12:43  Zerg Ground Armor Level 1  
  140  12:45  Corruptor x3  
  147  12:52  Drone x5  
  147  12:53  Drone x2, Chitinous Plating  
  147  12:55  Viper  
  157  13:02  Drone x4  
  161  13:07  Ultralisk  
  167  13:16  Ultralisk  
  169  13:22  Ultralisk  
  173  13:29  Zergling x24  
  184  13:38  Drone x7  
  185  13:43  Zerg Flyer Armor Level 3  
  185  13:51  Ultralisk  
  185  13:52  Pneumatized Carapace  
  185  13:53  Overseer  
  185  13:54  Overseer x2  
  191  13:57  Infestor  
  191  13:59  Infestor  
  194  14:12  Drone x2, Anabolic Synthesis  
  194  14:13  Spine Crawler  
  194  14:14  Spore Crawler  
  194  14:18  Ultralisk  
  194  14:23  Spire  
  199  14:25  Drone  
  198  14:47  Drone x2  
  198  14:57  Spine Crawler  
  198  14:58  Neural Parasite, Spine Crawler  
  196  15:00  Spine Crawler  
  196  15:02  Drone x4  
  196  15:05  Spine Crawler  
  198  15:07  Spore Crawler  
  198  15:08  Spore Crawler x2  
  198  15:10  Spore Crawler  
  198  15:11  Drone  
  195  15:15  Spore Crawler  
  195  15:16  Spore Crawler x2  
  195  15:17  Viper  
  195  15:21  Zerg Ground Armor Level 2  
  195  15:23  Corruptor x2  
  199  15:30  Drone  
  200  15:42  Corruptor x2  
  195  15:46  Hatchery  
  198  15:50  Spore Crawler  
  198  15:52  Spore Crawler  
  198  15:55  Zergling x8  
  185  16:10  Ultralisk x5  
  187  16:13  Ultralisk x2  
  193  16:20  Zergling x14  
  191  16:32  Overlord  
  191  16:35  Ultralisk  
  193  16:45  Overlord  
  193  16:46  Overlord  
  191  16:52  Overlord  
  191  16:53  Corruptor x7  
  184  16:55  Corruptor x4  
  192  17:03  Zergling x14  
  199  17:10  Zergling x2  
  199  17:11  Zergling x10  
  172  17:22  Corruptor  
  151  17:23  Corruptor  
  151  17:27  Drone x3  
  158  17:32  Drone  
  158  17:34  Infestor  
  158  17:35  Infestor x2  
  163  17:37  Viper  
  165  17:45  Drone  
  166  17:52  Drone  
  166  17:55  Ultralisk  
  166  17:56  Infestor x2  
  177  17:59  Zerg Flyer Weapons Level 2  
  177  18:15  Viper x2  
  177  18:16  Infestor x2  
  187  18:21  Ultralisk  
  187  18:26  Spore Crawler  
  189  18:30  Overseer x2  
  189  18:31  Overseer x3  
  189  18:33  Extractor, Drone x2  
  189  18:34  Drone x2  
  191  18:35  Extractor  
  191  18:38  Drone  
  191  18:39  Drone x2  
  193  18:51  Spore Crawler  
  192  18:59  Zerg Ground Armor Level 3  
  191  19:18  Ultralisk  
  191  19:19  Zergling x2  
  191  19:20  Zergling x2  
  199  19:24  Overseer  
  199  19:33  Greater Spire  
  197  19:55  Extractor  
  197  19:56  Extractor  
  197  19:57  Queen  
  197  20:04  Hatchery  
  196  20:24  Corruptor  
  198  20:46  Zerg Flyer Weapons Level 3  
  198  20:49  Spore Crawler  
  197  20:50  Spore Crawler  
  175  21:11  Overlord x2  
  175  21:14  Ultralisk  
  175  21:15  Ultralisk x2  
  175  21:16  Overlord x2  
  193  21:20  Overlord  
  193  21:22  Overlord  
  192  21:27  Ultralisk  
  197  21:38  Hatchery  
  196  21:41  Drone x3  
  196  21:43  Hatchery  
  196  21:44  Queen  
  192  21:57  Drone x3  
  192  21:58  Spore Crawler  
  192  22:00  Spine Crawler  
  193  22:02  Spine Crawler  
  193  22:08  Zergling x16  
  200  22:35  Spine Crawler x2  
  196  22:51  Brood Lord x2  
  196  22:53  Overseer  
  200  23:00  Spore Crawler  
  200  23:01  Spore Crawler  
  200  23:02  Spore Crawler  
  200  23:04  Brood Lord  
  199  23:11  Drone x2  
  199  23:16  Extractor x2, Spore Crawler  
  194  23:21  Brood Lord x3  
  148  23:51  Drone x4  
  148  23:53  Zergling x28  
  166  23:56  Queen x2  
  166  23:58  Extractor  
  166  24:00  Extractor, Infestor x2  
  166  24:01  Drone x3  
  169  24:12  Ultralisk x5  
  169  24:14  Zergling x6, Queen x2  
  188  24:21  Zergling x12  
  188  24:27  Zergling x10  
  186  24:31  Zergling x2  
  186  24:32  Zergling x4  
  178  24:41  Hatchery  
  178  24:42  Drone  
  174  24:49  Zergling x6  
  156  24:56  Zergling x4  
  148  25:04  Drone x2  
  139  25:08  Drone  
  139  25:13  Drone  
  140  25:18  Drone  
  141  25:33  Overseer  
  141  25:40  Drone x5  
  141  25:41  Drone  
  147  26:11  Drone x2  
Show
View Real Time Build Order
Export as new Build Order

Dark Protoss - Winner!

Build Orders: 1 Gate Expand, Oracle Opening, Carriers 

Get SALT Encoding   

  12  0:00  Probe  
  13  0:12  Probe  
  14  0:20  Pylon  
  14  0:24  Probe  
  15  0:38  Probe (Chrono Boost)  
  15  0:42  Gateway  
  16  0:47  Probe (Chrono Boost)  
  17  0:52  Probe (Chrono Boost)  
  17  0:56  Assimilator  
  18  1:04  Probe  
  19  1:25  Nexus  
  19  1:36  Cybernetics Core  
  19  1:37  Probe  
  20  1:49  Assimilator  
  20  1:50  Probe  
  21  1:55  Pylon  
  21  2:02  Probe  
  22  2:14  Probe (Chrono Boost)  
  23  2:22  Adept  
  26  2:23  Probe (Chrono Boost)  
  26  2:29  Probe (Chrono Boost)  
  26  2:31  Stargate  
  27  2:37  Probe (Chrono Boost)  
  27  2:43  Warp Gate  
  29  2:46  Probe x2 (Chrono Boost)  
  30  2:51  Probe (Chrono Boost)  
  30  2:52  Probe, Adept  
  34  3:03  Probe (Chrono Boost)  
  36  3:08  Probe (Chrono Boost)  
  36  3:14  Gateway  
  36  3:15  Probe (Chrono Boost)  
  38  3:20  Probe x2 (Chrono Boost)  
  43  3:27  Void Ray (Chrono Boost)  
  43  3:28  Probe  
  43  3:29  Probe  
  43  3:32  Pylon  
  45  3:41  Probe  
  46  3:48  Pylon  
  46  3:50  Probe  
  46  3:53  Probe  
  46  3:55  Oracle (Chrono Boost)  
  51  3:56  Assimilator  
  51  4:01  Assimilator  
  51  4:03  Probe  
  51  4:05  Probe  
  53  4:14  Stargate  
  53  4:15  Probe  
  54  4:18  Probe  
  54  4:20  Pylon  
  55  4:27  Probe  
  55  4:28  Nexus  
  55  4:30  Probe  
  57  4:34  Pylon  
  57  4:36  Phoenix  
  59  4:41  Probe  
  59  4:42  Probe  
  61  4:47  Pylon  
  61  4:53  Probe  
  61  4:54  Probe  
  61  4:58  Assimilator  
  63  5:00  Assimilator  
  63  5:01  Phoenix (Chrono Boost)  
  63  5:02  Phoenix (Chrono Boost)  
  63  5:05  Probe  
  63  5:06  Probe  
  69  5:17  Phoenix (Chrono Boost)  
  69  5:18  Phoenix  
  69  5:19  Probe x2  
  75  5:27  Protoss Air Weapons Level 1 (Chrono Boost)  
  75  5:32  Stargate, Pylon  
  75  5:35  Probe  
  76  5:41  Phoenix (Chrono Boost)  
  78  5:43  Shield Battery, Phoenix (Chrono Boost)  
  80  5:50  Probe x3  
  83  6:03  Phoenix (Chrono Boost)  
  83  6:04  Probe x3  
  83  6:06  Phoenix (Chrono Boost)  
  90  6:11  Fleet Beacon  
  90  6:16  Probe x2  
  96  6:34  Forge  
  104  6:40  Void Ray x2  
  104  6:42  Void Ray  
  104  6:43  Pylon  
  104  6:46  Pylon  
  104  7:01  Flux Vanes  
  104  7:04  Probe x3  
  104  7:06  Nexus  
  104  7:07  Pylon  
  107  7:09  Shield Battery  
  107  7:20  Void Ray (Chrono Boost)  
  107  7:21  Void Ray (Chrono Boost)  
  115  7:26  Void Ray (Chrono Boost)  
  115  7:29  Protoss Air Weapons Level 2 (Chrono Boost)  
  119  7:36  Photon Cannon  
  119  7:39  Photon Cannon  
  119  7:41  Shield Battery  
  127  7:53  Void Ray (Chrono Boost)  
  127  7:54  Void Ray (Chrono Boost), Probe  
  127  7:55  Probe  
  133  7:59  Void Ray (Chrono Boost)  
  133  8:00  Pylon  
  133  8:02  Pylon  
  133  8:07  Assimilator, Pylon  
  133  8:10  Pylon  
  133  8:18  Probe  
  132  8:22  Photon Cannon  
  132  8:24  Shield Battery  
  138  8:29  Void Ray  
  138  8:32  Void Ray  
  138  8:34  Probe x3  
  145  8:35  Void Ray  
  145  8:43  Probe  
  145  8:46  Probe  
  145  8:47  Assimilator  
  153  8:56  Protoss Shields Level 1  
  153  9:04  Mothership  
  153  9:06  Photon Cannon  
  153  9:07  Pylon  
  157  9:12  Void Ray (Chrono Boost)  
  157  9:13  Probe x3  
  157  9:15  Twilight Council  
  160  9:18  Pylon  
  160  9:20  Pylon  
  160  9:33  Carrier x2 (Chrono Boost)  
  172  9:47  Carrier (Chrono Boost)  
  174  9:56  Photon Cannon  
  174  9:59  Photon Cannon x2  
  174  10:00  Protoss Air Weapons Level 3 (Chrono Boost)  
  174  10:01  Photon Cannon  
  174  10:03  Photon Cannon  
  174  10:07  Charge  
  174  10:12  Templar Archives  
  174  10:18  Photon Cannon  
  174  10:19  Photon Cannon  
  174  10:30  Carrier  
  174  10:34  Carrier  
  186  10:40  Gateway  
  186  10:42  Gateway  
  186  10:47  Photon Cannon  
  186  10:50  Psionic Storm, Gateway, Photon Cannon  
  186  10:51  Carrier  
  186  10:52  Pylon  
  186  10:53  Gateway  
  186  10:54  Protoss Ground Weapons Level 1 (Chrono Boost)  
  192  10:57  Gateway  
  192  11:05  Gateway  
  192  11:08  Gateway  
  192  11:13  Gateway, High Templar  
  192  11:15  Gateway  
  194  11:28  Photon Cannon  
  192  11:44  High Templar x2  
  192  11:46  High Templar x2  
  199  11:52  Robotics Facility  
  199  11:53  Robotics Facility  
  199  11:55  Blink, Pylon  
  199  11:56  Pylon  
  197  12:02  High Templar  
  199  12:19  Carrier x2 (Chrono Boost)  
  193  12:31  Protoss Air Armor Level 1 (Chrono Boost)  
  193  12:32  Carrier (Chrono Boost), Archon  
  193  12:33  Archon  
  187  12:39  Zealot x3  
  187  12:40  Zealot x3  
  199  12:48  Protoss Ground Weapons Level 2 (Chrono Boost)  
  199  12:51  Pylon  
  199  12:59  Gateway  
  199  13:00  Gateway  
  199  13:03  Nexus  
  199  13:05  Observer, Pylon  
  200  13:07  Pylon  
  200  13:17  Nexus  
  193  13:30  High Templar x3  
  193  13:37  Immortal x2  
  193  13:41  Photon Cannon  
  193  13:43  Pylon  
  193  13:47  Shield Battery, Pylon  
  193  13:50  Photon Cannon, Shield Battery  
  193  13:52  Photon Cannon  
  193  13:53  Zealot x4  
  193  13:54  Photon Cannon  
  199  13:56  Photon Cannon  
  199  13:59  Pylon  
  199  14:05  Assimilator  
  199  14:08  Assimilator  
  197  14:14  Photon Cannon  
  197  14:19  Observer  
  197  14:30  Immortal (Chrono Boost)  
  200  14:43  Protoss Ground Weapons Level 3 (Chrono Boost)  
  200  14:48  Gateway  
  200  14:50  Protoss Air Armor Level 2 (Chrono Boost)  
  200  14:51  Pylon  
  188  14:54  High Templar  
  188  14:55  High Templar x4  
  188  14:59  Gateway  
  196  15:02  Gateway, Archon x2  
  200  15:13  Immortal (Chrono Boost)  
  200  15:17  Gateway  
  200  15:18  Gateway  
  200  15:22  Gateway  
  200  15:24  Gateway  
  200  15:49  Dark Shrine  
  198  16:26  Mothership  
  197  16:53  Archon x2  
  184  16:57  Protoss Shields Level 2 (Chrono Boost)  
  184  16:58  Zealot x8  
  172  17:20  Carrier x2 (Chrono Boost)  
  172  17:21  Immortal x2  
  182  17:30  Carrier (Chrono Boost)  
  182  17:33  Zealot x2  
  174  17:37  Protoss Air Armor Level 3 (Chrono Boost)  
  174  17:40  High Templar x7  
  184  17:46  Dark Templar  
  186  17:53  High Templar x4  
  186  17:57  Archon x2  
  194  18:04  Immortal  
  198  18:06  Immortal  
  198  18:08  Nexus  
  199  18:20  Shadow Stride  
  199  18:54  Protoss Shields Level 3 (Chrono Boost)  
  199  18:57  Observer  
  199  18:58  Pylon  
  199  19:00  Assimilator  
  199  19:01  Robotics Bay  
  199  19:02  Assimilator  
  200  19:07  Pylon  
  198  19:11  Pylon  
  198  19:14  Pylon  
  198  19:19  Photon Cannon x2  
  198  19:21  Photon Cannon  
  198  19:23  Photon Cannon  
  198  19:25  Photon Cannon  
  198  19:26  Photon Cannon  
  198  19:28  Shield Battery  
  198  19:31  Shield Battery  
  198  19:34  Shield Battery  
  198  19:36  Pylon  
  198  19:39  Pylon  
  198  19:43  High Templar  
  198  20:05  Nexus  
  197  20:25  Gravitic Boosters (Chrono Boost)  
  197  20:59  Observer  
  197  21:15  Warp Prism  
  197  21:17  High Templar  
  197  21:18  Observer, High Templar x5, Protoss Ground Armor Level 1 (Chrono Boost)  
  199  21:20  Gravitic Drive (Chrono Boost)  
  195  21:36  Dark Templar x2  
  199  21:43  Nexus  
  199  21:46  Pylon  
  199  21:48  Pylon  
  199  21:55  Archon x3  
  198  22:09  Assimilator  
  198  22:12  Assimilator  
  194  22:15  Photon Cannon  
  194  22:17  Dark Templar x2, Photon Cannon  
  194  22:18  Dark Templar, Photon Cannon  
  194  22:19  Photon Cannon  
  194  22:21  Photon Cannon  
  200  22:23  Photon Cannon  
  200  22:25  Photon Cannon  
  200  22:27  Shield Battery  
  200  22:32  Shield Battery  
  200  22:36  Shield Battery  
  200  22:37  Pylon  
  200  22:50  High Templar x4  
  200  22:57  Archon x2  
  200  23:13  Pylon  
  158  23:47  Stalker x9  
  158  23:48  Tempest x2 (Chrono Boost), Stalker x9  
  157  23:57  Protoss Ground Armor Level 2 (Chrono Boost)  
  157  23:58  Tempest (Chrono Boost)  
  163  24:05  Immortal x2  
  171  24:10  Stalker  
  171  24:11  Stalker x13  
  171  24:12  Mothership  
  197  24:45  Observer x2  
  192  24:48  Zealot x5  
  192  24:49  Zealot  
  173  25:06  Immortal x2, Stalker x12  
  167  25:15  High Templar x5  
  167  25:17  Stalker  
  175  25:32  Unknown  
  175  25:33  Stalker x12  
  197  25:39  Nexus  
  197  25:47  High Templar  
  199  26:04  Observer  
Tags
 
Add a new tag
Caveats
  • Supply blocks, unpowered buildings, or Contaminate may cause inaccurate times.
  • Supply counts are checked every 10 seconds.